 Dungeon Crawl Stone Soup version 0.27-a0-1342-ga99462a43c (webtiles) character file.

Game seed: 11219321548369653094

88 27snakeeyes612 the Skirmisher (level 4, -1/41 HPs)
             Began as a Hill Orc Fighter on June 27, 2021.
             Killed from afar by an orc wizard (7 damage)
             ... with a magic dart
             ... on level 2 of the Dungeon.
             The game lasted 00:01:12 (1685 turns).

27snakeeyes612 the Skirmisher (Hill Orc Fighter)    Turns: 1685, Time: 00:01:12

Health: -1/41      AC:  7    Str: 19    XL:     4   Next: 54%
Magic:  4/4        EV:  7    Int:  8    God:
Gold:   100        SH:  9    Dex: 10    Spells: 3/3 levels left

rFire    . . .     SeeInvis .   a - +0 war axe
rCold    . . .     Faith    .   c - +0 kite shield
rNeg     . . .     Spirit   .   b - +0 scale mail
rPois    .         Reflect  .   (no helmet)
rElec    .         Harm     .   (no cloak)
rCorr    .         Rampage  .   (no gloves)
Will     .....                  (no boots)
Stlth    ..........             (no amulet)
HPRegen  0.13/turn              (no ring)
MPRegen  0.09/turn              (no ring)

@: no status effects
A: no striking features
a: no special abilities


You were on level 2 of the Dungeon.
You visited 1 branch of the dungeon, and saw 2 of its levels.

You collected 100 gold pieces.

Inventory:

Hand Weapons
 a - a +0 war axe (weapon)
Armour
 b - a +0 scale mail (worn)
 c - a +0 kite shield (worn)
Jewellery
 g - an amulet of regeneration
Scrolls
 e - a scroll of enchant armour {unknown}
Potions
 d - a potion of might
 f - a potion of haste
 i - 2 potions of mutation


   Skills:
 + Level 4.3 Fighting
 + Level 3.8 Axes
 + Level 3.9 Armour
 + Level 4.1 Shields


You had 3 spell levels left.
You didn't know any spells.
Your spell library contained the following spells:

 Spells                   Type           Power      Damage    Failure   Level
 Foxfire                  Conj/Fire      0%         2x1d4     99%         1
 Summon Small Mammal      Summ           0%         N/A       99%         1
 Call Imp                 Summ           0%         N/A       100%        2
 Call Canine Familiar     Summ           0%         N/A       100%        3
 Conjure Flame            Conj/Fire      0%         6-21      100%        3
 Inner Flame              Hex/Fire       0%         N/A       100%        3
 Summon Guardian Golem    Hex/Summ       0%         N/A       100%        3
 Sticky Flame             Conj/Fire      0%         2d3       100%        4
 Summon Ice Beast         Ice/Summ       0%         N/A       100%        4
 Summon Lightning Spire   Summ/Air       0%         N/A       100%        4
 Fireball                 Conj/Fire      0%         3d3       100%        5


Dungeon Overview and Level Annotations

Branches:
Dungeon (2/15)

Altars:


Message History

The orc wizard points at you and mumbles some strange words.
You are more confused.
You closely miss the orc wizard.
The orc wizard is almost dead.
The orc wizard hits you with a +0 dagger.
You bump into the rock wall.
The orc wizard hits you but does no damage.
You bump into the rock wall.
The orc wizard barely misses you.
You closely miss the orc wizard.
The orc wizard is almost dead.
The orc wizard hits you but does no damage.
The orc wizard points at you and mumbles some strange words.
You resist with some effort.
An orc comes into view. It is wielding a +0 trident.
The orc shouts!
The orc wizard hits you but does no damage.
You see here a scroll of amnesia.
The orc wizard mumbles some strange words.
The orc wizard flickers and vanishes!
Deactivating autopickup; reactivate with Ctrl-A.
You bump into the rock wall.
Something hits you but does no damage.
You hear some strange, mumbled words.
Something tries to affect you, but you resist.
You see here a scroll of amnesia.
The orc hits you from afar with a +0 trident.
A magic dart appears from out of thin air!
The magic dart hits you. Something hits you but does no damage.
You're too confused to move!
You feel less confused. You block the orc's attack. Something hits you.
* * * LOW HITPOINT WARNING * * *
You hear some strange, mumbled words.
A magic dart appears from out of thin air!
The magic dart hits you.
* * * LOW HITPOINT WARNING * * *
You hear some strange, mumbled words.
A magic dart appears from out of thin air!
The magic dart hits you!
You die...

,,,,,,,,,,............# *,,** *,
,*******,,.....?......# **,,****,
,,,,,***,,............#**,,,,,,,,
*,,,,,,...............#,,,*,*****
*,**,**.....o.#......#*,*,*,*
*,*,,,,.......#......#*,*,*,*
*,*,,**,#.....#.o....+,,,,*,*
*,*,,,,,#.....#.{....#*,,,*,*
*,****###.....#)@....#*,,,*,*
,,,,,,...............#*,,,*,*
********##.....#######*,,,*,*
#.#...# *>,,*,*
#.#...#######*,,,*,* ####
*###............,,,,*,* ...#
#...[......####***,,*,* ### ...#
#..........+,,,,,,,,,,* #.. ...#
#........).##############.#


You could see an orc.

Vanquished Creatures
  2 gnolls (D:1)
  3 adders (D:2)
  A dart slug (D:2)
  An orc (D:2)
  7 ball pythons (D:1)
  4 endoplasms
  A giant cockroach (D:2)
  2 goblins (D:2)
  6 kobolds
  4 bats
  5 frilled lizards
  6 rats
42 creatures vanquished.

Notes
Turn   | Place    | Note
-------+----------+-------------------------------------------
     0 | D:1      | 27snakeeyes612 the Hill Orc Fighter began the quest for the
                  | Orb.
     0 | D:1      | Reached XP level 1. HP: 19/19 MP: 1/1
   150 | D:1      | Reached XP level 2. HP: 26/27 MP: 2/2
   321 | D:1      | Reached XP level 3. HP: 26/33 MP: 3/3
  1308 | D:2      | Reached XP level 4. HP: 40/40 MP: 4/4
  1685 | D:2      | Killed from afar by an orc wizard

Illustrated notes

Levels and vault maps discovered:
D:1:      dpeg_arrival_windows_large_door, layout_loops_ring
D:2:      layout_basic, serial_corexii_hall, chequers_hall_statues_corner_a,
          chequers_hall_statues_wall_a, hellmonk_ecumenical_altar_prayer_group

Skill      XL: |  1  2  3 |
---------------+----------+-----
Axes           | 3 |  3.8
Fighting       | 4 |  4.3
Shields        | 4 |  4.1
Armour         | |  3.9

Action                   |  1- 3 |  4- 6 || total
-------------------------+-------+-------++-------
Melee: War axe           |    83 |    46 ||   129
  Use: Scroll            |     4 |       ||     4
Armor: Scale mail        |    31 |    26 ||    57
Dodge: Dodged            |    26 |    10 ||    36
Block: Kite shield       |    51 |    20 ||    71

Table legend: (Time is in decaauts)
 A = Elapsed time spent in this place.
 B = Non-inter-level travel time spent in this place.
 C = Inter-level travel time spent in this place.
 D = Time resting spent in this place.
 E = Time spent auto-exploring this place.
 F = Levels seen in this place.
 G = Mean time per level.
                   A        B        C        D        E       F      G
               +--------+--------+--------+--------+--------+-----+--------+
         Total |   1756 |   1723 |     33 |      0 |   1410 |   2 |  878.0 |
       Dungeon |   1756 |   1723 |     33 |      0 |   1410 |   2 |  878.0 |
               +--------+--------+--------+--------+--------+-----+--------+

Top non-repeatable levels by time:
     D:1: 1000 daAuts
     D:2: 756 daAuts
